[Event "*** Titled Tuesday Blitz"]
[Site "Chess.com"]
[Date "2021.04.20"]
[Round "4"]
[White "I_Enchev"]
[Black "MrChampion_Coach"]
[Result "1-0"]
[WhiteElo "2616"]
[BlackElo "2413"]
[TimeControl "180+1"]
[EndTime "10:36:13 PDT"]
[Termination "I_Enchev won by resignation"]

1. e4 c5 2. Nf3 d6 3. d4 cxd4 4.
Nxd4 Nf6 5. Nc3 a6 6. a3 e5 7. Nf3 Qc7 8. Bg5 Nbd7 9. Nd2 h6 10. Bh4 b5 11. Bd3 Be7 12. Nf1 Bb7 13. Ne3 O-O 14. Nf5 Bd8 15. Qf3 d5 16. Qg3 Nh5 17. Qg4 Bxh4 18.
Qxh5 Bf6 19. exd5 e4 20. Nxe4 Bxb2 21. O-O Nf6 22. Nxf6+ Bxf6 23. Nxh6+ gxh6 24. Qf5 Rfd8 25. Qxf6 Rxd5 26. Qxh6 Qd6 27. Bh7+ 1-0

[Event "*** Titled Tuesday Blitz"]
[Site "Chess.com"]
[Date "2021.04.20"]
[Round "4"]
[White "sorrm8thatscheckm8"]
[Black "Rytenko_V"]
[Result "1-0"]
[WhiteElo "2575"]
[BlackElo "2343"]
[TimeControl "180+1"]
[EndTime "10:36:13 PDT"]
[Termination "sorrm8thatscheckm8 won by resignation"]

1. d4 d5 2. c4 c6 3. cxd5 cxd5 4. Nc3 Nc6 5. e4 e6 6. e5 Bd7 7. Nf3 Nge7 8. Bd3 g6 9. O-O Nf5 10. Bxf5 gxf5 11. Bg5 Be7 12. Bxe7 Qxe7 13. Nb5 O-O 14. Nd6 f6 15. Nxb7 Rab8 16. exf6 Rxf6 17. Nc5 Rxb2 18. Re1 Bc8 19. Nd3 Rb6 20. Rc1 Ba6 21. Nf4 Qd6 22. g3 Rf8 23. Ng5 Nd8 24. Ngxe6 Nxe6 25. Rxe6 Qxe6 26.
Nxe6 Rxe6 27. Qa4 Rfe8 28. Kg2 Bd3 29. Rc7 f4 30. Qd7 f3+ 31. Kxf3 Rf8+ 32. Kg2 Be4+ 33. Kg1 1-0

[Event "*** Titled Tuesday Blitz"]
[Site "Chess.com"]
[Date "2021.04.20"]
[Round "4"]
[White "Grandmaster1369"]
[Black "ljuks68"]
[Result "0-1"]
[WhiteElo "2608"]
[BlackElo "2448"]
[TimeControl "180+1"]
[EndTime "10:36:15 PDT"]
[Termination "ljuks68 won by checkmate"]

1. e4 e6 2. d4 d5 3. Nc3 Bb4 4. Bd3 c5 5. dxc5 dxe4 6. Bb5+ Bd7 7. Bxd7+ Nxd7 8. Be3 Nxc5 9. Qe2 Qa5 10. Qc4 Na4 11.
Ne2 Nf6 12. O-O Nxc3 13. Nxc3 Bxc3 14. bxc3 O-O 15. Rab1 Rac8 16. Qe2 b6 17. Bd4 Nd5 18. Qg4 g6 19. Qg5 Nxc3 20. Qf6 Ne2+ 21. Kh1 Nxd4 22. Qxd4 Rxc2 23. Qxe4 Rxa2 24. Rbd1 Qb5 25. f4 a5 26. Rb1 Rb2 27. Rxb2 Qxf1# 0-1

[Event "*** Titled Tuesday Blitz"]
[Site "Chess.com"]
[Date "2021.04.20"]
[Round "4"]
[White "Hangar-18"]
[Black "mac0504"]
[Result "0-1"]
[WhiteElo "2348"]
[BlackElo "2583"]
[TimeControl "180+1"]
[EndTime "10:36:16 PDT"]
[Termination "mac0504 won by checkmate"]

1. c4 Nf6 2. Nc3 g6 3. e4 d6 4.
d4 Bg7 5. Nf3 O-O 6. Be2 Nbd7 7.
Bg5 c5 8. d5 h6 9. Bd2 a6 10.
O-O Ne8 11. Qc1 Kh7 12. Be3 Nc7 13. a4 b6 14. Ne1 e5 15. Nd3 f5 16. exf5 gxf5 17. f4 exf4 18. Nxf4 Ne5 19. h3 Bd7 20.
Qc2 Qh4 21. Rae1 Rae8 22. Bc1 Ng6 23. Nxg6 Kxg6 24. Bd2 Bd4+ 25. Kh1 Be5 26. Qd3 Kg7 27. Bf3 Qg3 28. Be3 Qh2# 0-1

[Event "*** Titled Tuesday Blitz"]
[Site "Chess.com"]
[Date "2021.04.20"]
[Round "4"]
[White "BJthechessgod"]
[Black "Agnes66678"]
[Result "0-1"]
[WhiteElo "2292"]
[BlackElo "2457"]
[TimeControl "180+1"]
[EndTime "10:36:18 PDT"]
[Termination "Agnes66678 won by resignation"]

1. d4 Nf6 2. Bf4 g6 3. Nf3 Bg7 4. e3 O-O 5. Be2 d6 6. h3 Nc6 7. Nbd2 Nd7 8. Bh2 e5 9. c3 Qe7 10.
d5 Nd8 11. e4 f5 12. Bd3 Nf6 13. Qc2 fxe4 14. Nxe4 Nxd5 15. Bc4 c6 16. O-O-O Be6 17. Nfg5 Bh6 18. h4 b5 19. Bb3 a5 20. c4 Nb4 21.
Qb1 bxc4 22. Ba4 d5 23. Bxe5 dxe4 24. Bd6 Bxg5+ 25. hxg5 Qxg5+ 26. Rd2 Rf7 27. Qxe4 Nxa2+ 28. Kb1 c3 29. Rd3 Nb4 30. Rg3 Qf5 31. Qxf5 Bxf5+ 0-1

[Event "*** Titled Tuesday Blitz"]
[Site "Chess.com"]
[Date "2021.04.20"]
[Round "4"]
[White "BigAl"]
[Black "Firouzja2003"]
[Result "0-1"]
[WhiteElo "2583"]
[BlackElo "3126"]
[TimeControl "180+1"]
[EndTime "10:36:19 PDT"]
[Termination "Firouzja2003 won by resignation"]

1. Nf3 b6 2. g3 Bb7 3. Bg2 g6 4. O-O Bg7 5. d3 c5 6. e4 Nc6 7. Nbd2 d6 8. a4 Nf6 9. Re1 O-O 10. Nc4 Nd7 11. c3 a6 12. d4 cxd4 13. cxd4 Rc8 14. Ne3 b5 15. axb5 axb5 16. Ng4 h5 17. Ne3 Nb6 18.
d5 Ne5 19. Nd4 Nbc4 20. Nef5 Bf6 21. b3 Nb6 22. Ra7 Qc7 23. Nxb5 Qb8 24. Be3 Nbd7 25. h3 Ba6 26. Rxa6 Qxb5 27. Bf1 Qb4 28. Bd2 Qxd2 29.
Qxd2 Nf3+ 30. Kg2 Nxd2 31. Ne3 Nc5 32. Ra7 Ndxb3 33. Bb5 Ra8 34. Rxa8 Rxa8 35. Nc4 Nd4 36. Bc6 Ra2 37. Rd1 Nxe4 0-1

[Event "*** Titled Tuesday Blitz"]
[Site "Chess.com"]
[Date "2021.04.20"]
[Round "4"]
[White "ExtremeLearner"]
[Black "LenkaPtacnikova"]
[Result "1-0"]
[WhiteElo "2449"]
[BlackElo "2168"]
[TimeControl "180+1"]
[EndTime "10:36:19 PDT"]
[Termination "ExtremeLearner won by resignation"]

1. d4 Nf6 2. Nf3 e6 3. g3 c5 4. Bg2 Be7 5. O-O O-O 6. c4 d5 7. Nc3 Nc6 8. cxd5 Nxd5 9. Nxd5 exd5 10. dxc5 Bxc5 11. a3 Bf5 12. b4 Bb6 13. Bb2 Re8 14. e3 Be4 15. Rc1 a5 16. b5 Ne7 17. Nd4 a4 18. Qg4 Bg6 19. Rfd1 Rc8 20. h4 h5 21. Rxc8 hxg4 22. Rxd8 Rxd8 23. Rc1 Kf8 24. Ne2 Bd3 25. Bd4 Ba5 26. Nf4 Bxb5 27. Rc5 Bc6 28.
Rxa5 1-0

[Event "*** Titled Tuesday Blitz"]
[Site "Chess.com"]
[Date "2021.04.20"]
[Round "4"]
[White "Savagelittlemole"]
[Black "Borsuk_Konstantin"]
[Result "0-1"]
[WhiteElo "2502"]
[BlackElo "2699"]
[TimeControl "180+1"]
[EndTime "10:36:21 PDT"]
[Termination "Borsuk_Konstantin won by resignation"]

1. e4 e6 2. d4 d5 3. Nd2 Nf6 4. e5 Nfd7 5. Bd3 c5 6. c3 Nc6 7. Ne2 b6 8. O-O cxd4 9. cxd4 Nb4 10. Bb1 Ba6 11. f4 g6 12. Nf3 Qc7 13. a3 Nc6 14. g4 h5 15. f5 hxg4 16. fxe6 gxf3 17. exd7+ Qxd7 18. Rxf3 Bxe2 19. Qxe2 Nxd4 20. Qg2 Nxf3+ 21. Qxf3 Bc5+ 22. Kg2 Rh4 23. Bf4 Qg4+ 24. Qxg4 Rxg4+ 25. Bg3 Rc8 26. h4 Be7 27. Kf3 Rd4 28. e6 Bxh4 29.
exf7+ Kxf7 30. Be5 Rd2 31. Ba2 Ke6 32. Bc3 Rf2+ 33.
Kg4 g5 34. Re1+ Kd6 35. Rd1 Rxc3 36. Rxd5+ Kc7 37. bxc3 Rxa2 38. Rf5 Rxa3 39. Rf7+ Kc6 40. Rxa7 Rxa7 0-1

[Event "*** Titled Tuesday Blitz"]
[Site "Chess.com"]
[Date "2021.04.20"]
[Round "4"]
[White "martinique24"]
[Black "cukin84"]
[Result "1-0"]
[WhiteElo "2474"]
[BlackElo "2128"]
[TimeControl "180+1"]
[EndTime "10:36:25 PDT"]
[Termination "martinique24 won by checkmate"]

1. e4 c6 2. d4 d5 3. Nd2 a6 4. Ngf3 Bg4 5. h3 Bh5 6. g4 Bg6 7. exd5 cxd5 8. Ne5 Nc6 9. c3 Nxe5 10. dxe5 e6 11.
h4 h5 12. g5 Ne7 13. Nf3 Nc6 14. Bd3 Bxd3 15. Qxd3 Bc5 16. g6 Qe7 17. Bg5 f6 18.
Bf4 O-O 19. O-O-O b5 20. Qe2 b4 21. Nd4 Rac8 22. Qxh5 Rfd8 23. Qh7+ Kf8 24. Qh8# 1-0

[Event "*** Titled Tuesday Blitz"]
[Site "Chess.com"]
[Date "2021.04.20"]
[Round "4"]
[White "nocnypako"]
[Black "RobertoJBM"]
[Result "0-1"]
[WhiteElo "2519"]
[BlackElo "2734"]
[TimeControl "180+1"]
[EndTime "10:36:27 PDT"]
[Termination "RobertoJBM won by resignation"]

1. d4 d5 2. c4 c6 3. Nc3 dxc4 4. Nf3 b5 5. a4 b4 6. Ne4 Qd5 7. Ng3 Nf6 8. e3 Ba6 9. Be2 e6 10. Ne5 c3 11. bxc3 Bxe2 12. Qxe2 Qxg2 13. c4 c5 14. Bb2 Nc6 15. O-O-O Nxe5 16. dxe5 Nd7 17.
f3 Qxe2 18. Nxe2 Nb6 19. Kc2 Nxc4 20. Kb3 Nxe3 0-1

[Event "*** Titled Tuesday Blitz"]
[Site "Chess.com"]
[Date "2021.04.20"]
[Round "4"]
[White "Jenia84"]
[Black "Margency"]
[Result "0-1"]
[WhiteElo "2407"]
[BlackElo "2718"]
[TimeControl "180+1"]
[EndTime "10:36:28 PDT"]
[Termination "Margency won by resignation"]

1. e4 c5 2. Nf3 d6 3. Bb5+ Nc6 4. O-O Bd7 5. d4 cxd4 6. Nxd4 Nf6 7. Nc3 e6 8. Bg5 Be7 9. Nf3 a6 10. Be2 Qc7 11. Qd2 b5 12. a3 O-O 13. Rfd1 Rfd8 14. Bxf6 gxf6 15. Qf4 Kh8 16. Bd3 Rg8 17. e5 dxe5 18.
Qh6 f5 19. Re1 Rg6 20. Qh3 e4 21. Nxe4 fxe4 22. Bxe4 f5 23. Bd3 Rag8 24. g3 Bf6 25. Nh4 Rh6 0-1

[Event "*** Titled Tuesday Blitz"]
[Site "Chess.com"]
[Date "2021.04.20"]
[Round "4"]
[White "bocah_sakit"]
[Black "enriquetejedor"]
[Result "1-0"]
[WhiteElo "2822"]
[BlackElo "2630"]
[TimeControl "180+1"]
[EndTime "10:36:29 PDT"]
[Termination "bocah_sakit won by checkmate"]

1. e4 c5 2. Nf3 d6 3. d4 cxd4 4. Nxd4 Nf6 5. Nc3 g6 6. Be3 Bg7 7.
f3 O-O 8. Qd2 Nc6 9. Bc4 Bd7 10.
Bb3 Na5 11. Bh6 Rc8 12. h4 Rc5 13. g4 b5 14. h5 Nc4 15. Bxc4 Rxc4 16. Bxg7 Kxg7 17.
hxg6 fxg6 18. Qh6+ Kg8 19. O-O-O Rf7 20. e5 dxe5 21. Ne6 Qa5 22. Ng5 Rxc3 23. bxc3 Qxc3 24. Rd3 Qa1+ 25. Kd2 Qxa2 26. Nxf7 Qxf7 27. g5 e4 28. Rd4 Nh5 29. Rxd7 Qf4+ 30. Kc3 Qxf3+ 31. Kb2 Qxh1 32. Rxe7 Qf3 33. Re8+ Kf7 34. Qf8# 1-0

[Event "*** Titled Tuesday Blitz"]
[Site "Chess.com"]
[Date "2021.04.20"]
[Round "4"]
[White "eduardoperalta"]
[Black "campomania3"]
[Result "1-0"]
[WhiteElo "2480"]
[BlackElo "2203"]
[TimeControl "180+1"]
[EndTime "10:36:30 PDT"]
[Termination "eduardoperalta won by resignation"]

1. d4 d5 2. Nf3 Nf6 3. c4 c6 4.
Nc3 dxc4 5. a4 e6 6. e3 c5 7.
Bxc4 Nc6 8. O-O cxd4 9. exd4 Be7 10. Bg5 h6 11. Bh4 O-O 12. Re1 Nb4 13. Qd2 Bd7 14. Ne5 Bc6 15. Rad1 Bd5 16. Nxd5 Nbxd5 17. Qe2 Rc8 18. Bb3 Qc7 19. Bg3 Bd6 20. f4 Rfd8 21. Qf3 Ne7 22. Nxf7 Kxf7 23. Bxe6+ Kf8 24. Bh4 Ned5 25.
Bxd5 Nxd5 26. Qxd5 Bb4 27. Bxd8 Rxd8 28. Qf5+ Kg8 29.
Qe6+ 1-0

[Event "*** Titled Tuesday Blitz"]
[Site "Chess.com"]
[Date "2021.04.20"]
[Round "4"]
[White "ViktoriyaTarasova"]
[Black "TimKett"]
[Result "1-0"]
[WhiteElo "2426"]
[BlackElo "2240"]
[TimeControl "180+1"]
[EndTime "10:36:30 PDT"]
[Termination "ViktoriyaTarasova won by resignation"]

1. d4 f5 2. c4 Nf6 3. g3 e6 4.
Bg2 Bb4+ 5. Bd2 a5 6. a3 Bxd2+ 7. Nxd2 O-O 8. Ngf3 d6 9. O-O Qe8 10. Qc2 Qg6 11. Nh4 Qh5 12. e4 fxe4 13. Nxe4 Nbd7 14.
Rae1 Nxe4 15. Qxe4 Nf6 16. Qe2 Qxe2 17. Rxe2 Rb8 18.
Rfe1 a4 19. Bh3 b5 20. Bxe6+ Bxe6 21. Rxe6 bxc4 22. R1e2 Rfe8 23. Rxe8+ Rxe8 24. Rc2 d5 25. Nf5 Re1+ 26. Kg2 Ne4 27. Ne7+ Kf7 28. Nxd5 c3 29. Nxc3 Ke6 30. Nxa4 Rd1 31. Nc5+ Nxc5 32. Rxc5 Kd6 33.
Rc4 Rd2 34. Rb4 h5 35. h4 Kd5 36. Kf3 Rd3+ 37. Ke2 Rxd4 38. Rxd4+ Kxd4 39. Kd2 Kc4 40. Kc2 1-0

[Event "*** Titled Tuesday Blitz"]
[Site "Chess.com"]
[Date "2021.04.20"]
[Round "4"]
[White "Gulkov_Igor"]
[Black "ffbp3q"]
[Result "1/2-1/2"]
[WhiteElo "2523"]
[BlackElo "2366"]
[TimeControl "180+1"]
[EndTime "10:36:31 PDT"]
[Termination "Game drawn by agreement"]

1. Nf3 d5 2. d4 c6 3. c4 Nf6 4.
Nc3 a6 5. a4 e6 6. g3 Bb4 7. Bg2 dxc4 8. O-O O-O 9. Ne5 Nd5 10.
Qc2 Bxc3 11. bxc3 b5 12. e4 Nb6 13. f4 Bb7 14. Ba3 Re8 15. f5 exf5 16. Rxf5 f6 17. Nf3 Nxa4 18. Rf1 Nd7 19. e5 c5 20. exf6 Nxf6 21. Bxc5 Nxc5 22. Rxc5 Ne4 23. Re5 Qd7 24. Re1 Nf6 25. Rxe8+ Rxe8 26. Ne5 Qc7 1/2-1/2

[Event "*** Titled Tuesday Blitz"]
[Site "Chess.com"]
[Date "2021.04.20"]
[Round "4"]
[White "gmcorrales"]
[Black "BvsN"]
[Result "1-0"]
[WhiteElo "2800"]
[BlackElo "2360"]
[TimeControl "180+1"]
[EndTime "10:36:31 PDT"]
[Termination "gmcorrales won by resignation"]

1. e4 c5 2. Nf3 e6 3. d4 cxd4 4. Nxd4 a6 5. c4 Nf6 6. Nc3 Qc7 7. a3 b6 8. Qd3 Bb7 9. f4 d6 10. Be2 Nbd7 11. b4 Be7 12. Bb2 Rc8 13. O-O O-O 14.
Rac1 Qb8 15. Nd5 exd5 16. exd5 Rfe8 17. Qh3 Nf8 18. Bd3 b5 19. Nf5 Bd8 20. Qg3 Ng6 21.
c5 dxc5 22. bxc5 Bxd5 23. Nd6 Be7 24. Nxe8 Rxe8 25. Rfe1 Bd8 26. f5 Rxe1+ 27. Rxe1 Nf8 28. Qxb8 1-0

[Event "*** Titled Tuesday Blitz"]
[Site "Chess.com"]
[Date "2021.04.20"]
[Round "4"]
[White "JoliyRoger"]
[Black "politeplayer"]
[Result "0-1"]
[WhiteElo "2402"]
[BlackElo "2240"]
[TimeControl "180+1"]
[EndTime "10:36:35 PDT"]
[Termination "politeplayer won on time"]

1. d4 e6 2. c4 f5 3. g3 Nf6 4.
Bg2 c6 5. Nh3 d6 6. O-O Be7 7.
b3 O-O 8. Bb2 Nbd7 9. Qc2 a5 10.
Nd2 a4 11. Rae1 axb3 12. axb3 d5 13. Nf4 Nb8 14. Nf3 Ne4 15. Ne5 Na6 16. Nfd3 Bd7 17. c5 Be8 18. f3 Ng5 19. Bc3 Nf7 20. Nxf7 Bxf7 21. Ne5 Bf6 22. b4 Nc7 23. Ra1 Rxa1 24. Rb1 Rxb1+ 0-1

[Event "*** Titled Tuesday Blitz"]
[Site "Chess.com"]
[Date "2021.04.20"]
[Round "4"]
[White "MFguimaraes"]
[Black "twitchTriniCupid"]
[Result "1-0"]
[WhiteElo "2411"]
[BlackElo "2210"]
[TimeControl "180+1"]
[EndTime "10:36:36 PDT"]
[Termination "MFguimaraes won on time"]

1. e4 c6 2. Bc4 d5 3. Bb3 dxe4 4. Qh5 e6 5. Nc3 Nf6 6. Qh4 Be7 7.
Nxe4 Nxe4 8. Qxe4 O-O 9. d4 Nd7 10. Nf3 c5 11. Be3 Nf6 12. Qd3 cxd4 13. Bxd4 Qa5+ 14.
Bc3 Qh5 15. O-O-O a5 16. a4 b6 17. Ne5 Ba6 18. Qg3 Ne4 19. Qe3 Bg5 20. f4 Nxc3 21.
bxc3 Bh6 22. g4 Qh4 23. g5 f6 24. Bxe6+ Kh8 25. gxh6 fxe5 26. hxg7+ Kxg7 27. Rhg1+ Kh8 28. Qxe5+ Qf6 29. Rd7 Rae8 30. Rxh7+ Kxh7 31. Qh5+ Qh6 32. Bf5+ Rxf5 33. Qxf5+ Kh8 34. Rg6 1-0

[Event "*** Titled Tuesday Blitz"]
[Site "Chess.com"]
[Date "2021.04.20"]
[Round "4"]
[White "Iball95"]
[Black "fabianvivasz"]
[Result "1-0"]
[WhiteElo "2610"]
[BlackElo "2336"]
[TimeControl "180+1"]
[EndTime "10:36:37 PDT"]
[Termination "Iball95 won on time"]

1. e4 e5 2. Nf3 Nc6 3. Nc3 Nf6 4. Bb5 Nd4 5. Bc4 Bc5 6. d3 d6 7. Na4 b5 8. Nxc5 bxc4 9. Na4 Bg4 10. Nc3 cxd3 11.
Qxd3 Bxf3 12. gxf3 Ne6 13. Be3 O-O 14. O-O-O Nh5 15.
Rdg1 Nhf4 16. Qd2 Rb8 17. h4 c5 18. Bxf4 Nxf4 19. Nd5 Ne6 20. c3 Qa5 21. Qh6 Kh8 22. Rxg7 1-0

[Event "*** Titled Tuesday Blitz"]
[Site "Chess.com"]
[Date "2021.04.20"]
[Round "4"]
[White "Sanan_Sjugirov"]
[Black "NikolaGry"]
[Result "1-0"]
[WhiteElo "2926"]
[BlackElo "2709"]
[TimeControl "180+1"]
[EndTime "10:36:39 PDT"]
[Termination "Sanan_Sjugirov won by resignation"]

1. d4 d5 2. c4 Nc6 3. cxd5 Qxd5 4. e3 e5 5. Nc3 Bb4 6. a3 Bxc3+ 7. bxc3 Qd6 8. a4 Nge7 9. Nf3 O-O 10. Ba3 Qf6 11. Be2 Rd8 12. O-O Bg4 13. Nd2 Bxe2 14. Qxe2 Nd5 15. Rfc1 Qg6 16. Qf3 f5 17. c4 e4 18. Qg3 Qxg3 19. hxg3 Nb6 20. a5 Nd7 21. Rcb1 b6 22. a6 Nde5 23. Rb5 g6 24. Kf1 Nd3 25. Ke2 Rd7 26. g4 Rf8 27. gxf5 gxf5 28. g4 Rxd4 29.
Bxf8 1-0

[Event "*** Titled Tuesday Blitz"]
[Site "Chess.com"]
[Date "2021.04.20"]
[Round "4"]
[White "WPWPWP-2015"]
[Black "Agoking701"]
[Result "1-0"]
[WhiteElo "2464"]
[BlackElo "2313"]
[TimeControl "180+1"]
[EndTime "10:36:40 PDT"]
[Termination "WPWPWP-2015 won by resignation"]

1. e4 d6 2. d4 Nf6 3. Nc3 c6 4.
Bd3 g6 5. Nge2 Bg7 6. a4 O-O 7. O-O e5 8. h3 Nbd7 9. Be3 Re8 10. a5 a6 11. f4 exd4 12. Bxd4 Qc7 13. Bf2 Nf8 14. Bb6 Qe7 15. Ng3 N6d7 16. Bf2 Ne6 17. Nge2 Ndc5 18. f5 Nf8 19. Ng3 Be5 20. Ra3 Nfd7 21.
b4 Nxd3 22. cxd3 c5 23. b5 Bxc3 24. Rxc3 Qe5 25. d4 cxd4 26. Bxd4 Qxb5 27. fxg6 hxg6 28. Qf3 Rf8 29. Nf5 gxf5 30. Qg3+ 1-0

[Event "*** Titled Tuesday Blitz"]
[Site "Chess.com"]
[Date "2021.04.20"]
[Round "4"]
[White "kritipatel"]
[Black "Pantata007"]
[Result "1-0"]
[WhiteElo "1740"]
[BlackElo "2227"]
[TimeControl "180+1"]
[EndTime "10:36:41 PDT"]
[Termination "kritipatel won on time"]

1. e4 e5 2. Nf3 Nc6 3. Bc4 Bc5 4. c3 Nf6 5. d3 O-O 6. Nbd2 a5 7. Bb3 d6 8. h3 Be6 9. Nf1 Bxb3 10. axb3 d5 11. Qe2 h6 12. Ng3 dxe4 13. dxe4 Qd7 14. O-O Qe6 15. Nf5 Qxb3 16. N3h4 Qe6 17. Qf3 Ne7 18. Bxh6 Ne8 19. Qg3 Ng6 20. b4 Be7 21.
Nxe7+ Nxe7 22. Bg5 a4 23. Ra3 b5 24. Rfa1 c6 25. c4 Ng6 26. Nxg6 Qxg6 27. Be7 f6 28.
Qxg6 Rf7 29. Bc5 1-0

[Event "*** Titled Tuesday Blitz"]
[Site "Chess.com"]
[Date "2021.04.20"]
[Round "4"]
[White "mbachez"]
[Black "winniethepooh04"]
[Result "1-0"]
[WhiteElo "2441"]
[BlackElo "2262"]
[TimeControl "180+1"]
[EndTime "10:36:42 PDT"]
[Termination "mbachez won on time"]

1. d4 Nf6 2. Nf3 g6 3. c4 Bg7 4. Nc3 d6 5. g3 O-O 6. Bg2 c6 7. O-O a5 8. d5 cxd5 9. cxd5 Nbd7 10. Nd4 Nc5 11. e4 a4 12. h3 Bd7 13. Rb1 Rb8 14.
f4 b5 15. e5 dxe5 16. fxe5 Nh5 17. Bf4 b4 18. Nce2 b3 19. axb3 Nxb3 20. Kh2 Qa5 21. e6 Nxf4 22. gxf4 Nd2 23. exd7 Nxf1+ 24. Qxf1 a3 25. Nc6 Qb6 26. Nxb8 Rxb8 27. bxa3 Qd8 28.
Rxb8 Qxb8 29. Qc1 1-0

[Event "*** Titled Tuesday Blitz"]
[Site "Chess.com"]
[Date "2021.04.20"]
[Round "4"]
[White "mamonika"]
[Black "GUST_b"]
[Result "0-1"]
[WhiteElo "2062"]
[BlackElo "2375"]
[TimeControl "180+1"]
[EndTime "10:36:42 PDT"]
[Termination "GUST_b won on time"]

1. e4 c5 2. Nf3 Nc6 3. d4 cxd4 4. Nxd4 g6 5. Nc3 Bg7 6. Be3 Nf6 7. Bc4 O-O 8. O-O d6 9. f3 Qb6 10. Kh1 Qxb2 11.
Ncb5 Qb4 12. Nc7 Rb8 13. Nxc6 bxc6 14. Rb1 Qxb1 15. Qxb1 Rxb1 16. Rxb1 c5 17. e5 Nd7 18. e6 Ne5 19. exf7+ Nxf7 20. Bg5 Bf6 21. Bxf6 exf6 22. Nd5 Kg7 23. Rb8 Ne5 24. Ne7 Nxc4 25. Rxc8 Rxc8 26. Nxc8 a6 27. Kg1 Kf7 28. Kf2 Ke6 29. Na7 Kd7 0-1

[Event "*** Titled Tuesday Blitz"]
[Site "Chess.com"]
[Date "2021.04.20"]
[Round "4"]
[White "FeketeBarika"]
[Black "Carolina-moon"]
[Result "0-1"]
[WhiteElo "2253"]
[BlackElo "2118"]
[TimeControl "180+1"]
[EndTime "10:36:45 PDT"]
[Termination "Carolina-moon won by resignation"]

1. Nf3 f5 2. g3 Nf6 3. Bg2 g6 4. O-O Bg7 5. d4 O-O 6. c4 d6 7. Nc3 c6 8. Re1 Na6 9. e4 fxe4 10. Nxe4 Nxe4 11. Rxe4 Bf5 12. Re1 e5 13. dxe5 dxe5 14. Bg5 Qxd1 15. Raxd1 Bg4 16. Rd3 e4 17. Rxe4 Bf5 18.
Rde3 Bxe4 19. Rxe4 Bxb2 20. Re7 Nc5 21. h4 Rf7 22. Re2 Bg7 23. Ne5 Re8 24. Bf4 Nd3 25.
Nxf7 Rxe2 26. Nd6 Nxf4 27. gxf4 Bd4 28. Nxb7 Rxf2 29. Kh1 c5 30. Nd6 Rxa2 31. Bd5+ Kg7 32. Ne8+ Kf8 33. Nc7 a5 34. Ne6+ Ke7 35. Ng5 h6 36.
Nf7 a4 37. Nxh6 a3 38. f5 Rb2 39. fxg6 a2 40. Nf5+ Kd7 0-1

[Event "*** Titled Tuesday Blitz"]
[Site "Chess.com"]
[Date "2021.04.20"]
[Round "4"]
[White "Michaelson_11"]
[Black "KubaGepard"]
[Result "0-1"]
[WhiteElo "2211"]
[BlackElo "2410"]
[TimeControl "180+1"]
[EndTime "10:36:46 PDT"]
[Termination "KubaGepard won on time"]

1. e4 e5 2. Nf3 Nc6 3. Nc3 Nf6 4. Be2 g6 5. d4 exd4 6. Nxd4 Bg7 7. Nxc6 bxc6 8. e5 Nd5 9. Nxd5 cxd5 10. Qxd5 Rb8 11. O-O O-O 12. f4 d6 13. exd6 Be6 14. Qa5 Qxd6 15. c3 Rfe8 16. Bf3 Bc4 17. Rd1 Qe7 18. b3 Bb5 19. Qa3 Qf6 20. Bd2 Qb6+ 21. Kh1 Be2 22. Bxe2 Rxe2 23. Rac1 Bh6 24. Re1 Rxd2 25.
Rf1 Rbd8 26. Qe7 Qd6 27. Qh4 Bg7 28. c4 Rd1 0-1

[Event "*** Titled Tuesday Blitz"]
[Site "Chess.com"]
[Date "2021.04.20"]
[Round "4"]
[White "Loy_Konstantin"]
[Black "pastouche06"]
[Result "0-1"]
[WhiteElo "2375"]
[BlackElo "2565"]
[TimeControl "180+1"]
[EndTime "10:36:51 PDT"]
[Termination "pastouche06 won on time"]

1. e4 c6 2. d4 d5 3. exd5 cxd5 4. c4 Nf6 5. Nc3 Nc6 6. Bg5 Ne4 7. Nxe4 dxe4 8. d5 Ne5 9. Qd4 f6 10. Bf4 Ng6 11.
Qxe4 Qb6 12. Rb1 Nxf4 13. Qxf4 e5 14. dxe6 Bb4+ 15. Kd1 Bxe6 16. Kc2 O-O-O 17. Bd3 Qa5 18. Nf3 Rxd3 19. Kxd3 Bf5+ 20. Ke2 Re8+ 21. Ne5 Rxe5+ 22. Kf3 Bxb1 0-1

[Event "*** Titled Tuesday Blitz"]
[Site "Chess.com"]
[Date "2021.04.20"]
[Round "4"]
[White "ZEN-22"]
[Black "GameOverBro"]
[Result "1-0"]
[WhiteElo "2376"]
[BlackElo "2536"]
[TimeControl "180+1"]
[EndTime "10:36:52 PDT"]
[Termination "ZEN-22 won on time"]

1. e4 d6 2. d4 Nf6 3. Nc3 e5 4. f4 exd4 5. Qxd4 Nc6 6. Bb5 Bd7 7. Bxc6 bxc6 8. Nf3 Be7 9. e5 Nd5 10. Nxd5 cxd5 11. exd6 Bf6 12. Qe3+ Kf8 13. dxc7 Qxc7 14. O-O Qxc2 15. Ne5 Bb5 16. Re1 Rc8 17. Qxa7 Bxe5 18.
fxe5 Bd3 19. e6 fxe6 20. Be3 Be4 21. Rf1+ Bf5 22. Bd4 Qc7 23. Qa3+ Ke8 24. Rac1 Qxc1 25. Rxc1 Rxc1+ 26. Kf2 Rf8 27. Qa8+ Ke7 28. Qb7+ Ke8 29. Bxg7 Rf7 30. Qb8+ Kd7 31. Be5 1-0

[Event "*** Titled Tuesday Blitz"]
[Site "Chess.com"]
[Date "2021.04.20"]
[Round "4"]
[White "Gusarov91"]
[Black "Politov_Pavel"]
[Result "1-0"]
[WhiteElo "2638"]
[BlackElo "2354"]
[TimeControl "180+1"]
[EndTime "10:36:52 PDT"]
[Termination "Gusarov91 won by resignation"]

1. d4 Nf6 2. Nf3 e6 3. c4 b6 4. g3 Bb7 5. Bg2 Bb4+ 6. Nbd2 O-O 7. O-O c5 8. Nb3 cxd4 9. Nbxd4 a6 10. a3 Be7 11. b3 d5 12. cxd5 Nxd5 13. Bb2 Nc6 14. Rc1 Rc8 15. Nxc6 Rxc6 16. Rxc6 Bxc6 17. Qc2 Ba8 18. Rd1 Qc8 19. Rc1 Qxc2 20. Rxc2 Bf6 21. Bxf6 Nxf6 22. Ne5 Bxg2 23. Kxg2 Rb8 24. Rc7 Rf8 25.
Rb7 Nd5 26. Nd7 Rd8 27. Nxb6 Nxb6 28. Rxb6 Ra8 29. b4 g6 30. a4 Kg7 31. a5 h5 32. f4 Kf6 33. Kf3 Ke7 34. Rb7+ Kf6 35. Ke4 Kg7 36. Ke5 Rc8 37. Rb6 Ra8 38. h3 Ra7 39. g4 hxg4 40. hxg4 Ra8 41. g5 Ra7 42. Kd6 Kf8 43. Rb8+ Kg7 44. Kc6 f6 45. Rb7+ Rxb7 46. Kxb7 fxg5 47. fxg5 e5 48. Kxa6 Kf7 49. Kb5 Ke6 50.
a6 Kf5 51. a7 Kxg5 52. a8=Q Kf4 53. Qf3+ 1-0

[Event "*** Titled Tuesday Blitz"]
[Site "Chess.com"]
[Date "2021.04.20"]
[Round "4"]
[White "ChessAdvanceUSA"]
[Black "NoboaKevin1999"]
[Result "1/2-1/2"]
[WhiteElo "2324"]
[BlackElo "2459"]
[TimeControl "180+1"]
[EndTime "10:36:52 PDT"]
[Termination "Game drawn by agreement"]

1. Nc3 Nf6 2. e4 d5 3. exd5 Nxd5 4. Bc4 c6 5. d4 Bf5 6. Nf3 e6 7. O-O Nd7 8. Ne2 Be7 9. Ng3 Bg6 10. c3 O-O 11.
Re1 N7b6 12. Bd3 Bd6 13. Ne5 Bxd3 14. Qxd3 Bxe5 15. Rxe5 Ne7 16. Nh5 Ng6 17. Re3 c5 18. dxc5 Qxd3 19. Rxd3 Na4 20. Be3 Nxb2 21. Rd7 Nc4 22.
Rxb7 Nxe3 23. fxe3 Rfc8 24. Rd1 1/2-1/2

[Event "*** Titled Tuesday Blitz"]
[Site "Chess.com"]
[Date "2021.04.20"]
[Round "4"]
[White "Mikasinski"]
[Black "Aygehovit1992"]
[Result "1-0"]
[WhiteElo "2513"]
[BlackElo "2669"]
[TimeControl "180+1"]
[EndTime "10:36:56 PDT"]
[Termination "Mikasinski won by resignation"]

1. e4 c5 2. Nf3 d6 3. d4 cxd4 4.
Nxd4 Nf6 5. Nc3 g6 6. Be3 Bg7 7. f3 O-O 8. Qd2 Nc6 9. O-O-O d5 10. Qe1 e6 11. h4 h5 12. Qf2 Bd7 13. exd5 exd5 14.
Bg5 Nxd4 15. Qxd4 Be6 16. Qb4 a5 17. Qxb7 Rb8 18. Qa7 Qd6 19. Bc4 Qb4 20. Bb3 d4 21.
Rxd4 Ra8 22. Rxb4 axb4 23. Qe7 bxc3 24. Bxf6 Bxb3 25. Bxg7 Kxg7 26. cxb3 Rxa2 27. Kc2 cxb2 28. Rb1 Rc8+ 29. Kd2 Kg8 30. Qf6 Ra1 31. Rxa1 1-0